 Dungeon Crawl Stone Soup version 0.24.0 (webtiles) character file.

Game seed: 2040154361644572818, levelgen mode: deterministic

926 Mrkan the Cleaver (level 7, -4/64 HPs)
             Began as a Minotaur Fighter on Oct 25, 2019.
             Killed by divine providence
             ... invoked by an orc priest
              (12 damage)
             ... on level 5 of the Dungeon.
             The game lasted 00:06:27 (3100 turns).

Mrkan the Cleaver (Minotaur Fighter)                Turns: 3100, Time: 00:06:27

Health: -4/64      AC: 12    Str: 26    XL:     7   Next: 85%
Magic:  6/6        EV:  5    Int:  5    God:
Gold:   165        SH: 11    Dex: 11    Spells: 6/6 levels left

rFire    . . .     SeeInvis .   a - +0 war axe
rCold    . . .     Gourm    .   c - +0 shield
rNeg     . . .     Faith    .   g - +0 plate armour
rPois    .         Spirit   .   (helmet restricted)
rElec    .         Reflect  .   (no cloak)
rCorr    .         Harm     .   (no gloves)
MR       .....                  u - +0 pair of boots
Stlth    ..........             (no amulet)
HPRegen  0.20/turn              (no ring)
MPRegen  0.10/turn              (no ring)

@: mighty
A: retaliatory headbutt, horns 2
a: no special abilities


You were on level 5 of the Dungeon.
You were not hungry.

You visited 1 branch of the dungeon, and saw 5 of its levels.

You collected 165 gold pieces.

Inventory:

Hand Weapons
 a - a +0 war axe (weapon)
Armour
 c - a +0 shield (worn)
 g - a +0 plate armour (worn)
 u - a +0 pair of boots (worn)
 z - a +2 scale mail of magic resistance
Jewellery
 n - an uncursed ring of wizardry {unknown}
 s - an uncursed ring of protection from fire {unknown}
 x - an uncursed ring of fire {unknown}
Wands
 y - a wand of scattershot (6)
Scrolls
 j - 3 scrolls of remove curse {unknown}
 l - a scroll of random uselessness {unknown}
 m - 2 scrolls of magic mapping {unknown}
 o - a scroll of immolation {unknown}
 p - 5 scrolls of enchant weapon {unknown}
 t - 3 scrolls of identify {unknown}
 v - a scroll of blinking {unknown}
 w - a scroll of amnesia {unknown}
Potions
 e - 2 potions of degeneration {unknown}
 h - 2 potions of ambrosia {unknown}
 i - a potion of flight {unknown}
 k - 2 potions of haste {unknown}
 q - 2 potions of lignification {unknown}
 r - a potion of mutation {unknown}
Comestibles
 b - a chunk of flesh
 f - 11 rations


   Skills:
 + Level 6.4 Fighting
 * Level 8.0 Axes
 - Level 3.6 Armour
 + Level 6.4 Shields


You had 6 spell levels left.
You didn't know any spells.
Your spell library was empty.

Dungeon Overview and Level Annotations

Branches:
Dungeon (5/15)             Temple (0/1) D:5

Altars:
Wu Jian
Yredelemnul
The Shining One


Innate Abilities, Weirdness & Mutations

You reflexively headbutt those who attack you in melee.
You have a pair of horns on your head.


Message History

You hit the orc priest. Your headbutt misses the orc priest.
The orc priest is lightly wounded.
You block the orc priest's attack.
You hit the orc priest but do no damage.
You headbutt the orc priest, but do no damage.
The orc priest is lightly wounded.
The orc priest invokes the aid of Beogh against you.
Beogh smites you!
* * * LOW HITPOINT WARNING * * *
You hear a shout!
You feel very mighty all of a sudden. You block the orc priest's attack.
You slash the orc priest!
The orc priest is severely wounded.
The orc priest begins to cast a cantrip, but forgets the words!
You hit the orc priest but do no damage.
The orc priest is severely wounded.
The orc priest mumbles some strange prayers to Beogh against you.
Beogh smites you!
You die...

#.####...(....## ..#
#.....(....#
.###.......(...#
.##........<(..##
###.............# #
#...........).## #
#..............#
##.............#
#............@# #
#............o#### #
##...........#...#
##
#.........#####....#
.# #......####
##.o... .# ##...###
##.. .# ##..### # ##
#.### ###


You could see an orc priest.

Vanquished Creatures
  Menkaure (D:5)
  Duvessa (D:5)
  A centaur (D:5)
  A phantom (D:5)
  Dowan (D:5)
  7 hounds
  2 orc wizards
  A worker ant (D:4)
  3 adders
  3 gnolls (D:2)
  An ooze (D:1)
  4 worms
  A dart slug (D:3)
  2 leopard geckos
  14 orcs
  3 ball pythons
  8 bats
  12 giant cockroaches
  7 goblins
  4 hobgoblins
  8 jackals
  8 kobolds
  5 quokkas
  8 frilled lizards
  2 leopard gecko skeletons (D:5)
  11 rats
119 creatures vanquished.

Notes
Turn   | Place    | Note
-------+----------+-------------------------------------------
     0 | D:1      | Mrkan the Minotaur Fighter began the quest for the Orb.
     0 | D:1      | Reached XP level 1. HP: 19/19 MP: 0/0
   113 | D:1      | Reached skill level 3 in Axes
   113 | D:1      | Reached XP level 2. HP: 27/27 MP: 1/1
   676 | D:2      | Reached XP level 3. HP: 30/33 MP: 2/2
  1145 | D:2      | Reached skill level 4 in Axes
  1151 | D:2      | Reached XP level 4. HP: 37/40 MP: 3/3
  1468 | D:3      | Reached XP level 5. HP: 29/47 MP: 4/4
  1663 | D:3      | Reached skill level 5 in Axes
  1735 | D:3      | Found a basalt altar of Yredelemnul.
  1981 | D:3      | Found a glowing golden altar of the Shining One.
  1983 | D:3      | Noticed an angel
  2079 | D:4      | Found an ornate altar of the Wu Jian Council.
  2134 | D:4      | Reached skill level 5 in Fighting
  2137 | D:4      | Reached skill level 5 in Shields
  2206 | D:4      | Reached XP level 6. HP: 51/56 MP: 5/5
  2328 | D:4      | Reached skill level 6 in Axes
  2563 | D:5      | Entered Level 5 of the Dungeon
  2771 | D:5      | Noticed Duvessa
  2776 | D:5      | Noticed Dowan
  2787 | D:5      | Killed Duvessa
  2787 | D:5      | Reached XP level 7. HP: 42/62 MP: 6/6
  2787 | D:5      | Reached skill level 7 in Axes
  2791 | D:5      | Killed Dowan
  2991 | D:5      | Noticed Menkaure
  3000 | D:5      | Killed Menkaure
  3002 | D:5      | Found a staircase to the Ecumenical Temple.
  3049 | D:5      | Reached skill level 8 in Axes
  3100 | D:5      | Killed from afar by an orc priest

Levels and vault maps discovered:
D:1:      dpeg_arrival_renting, layout_basic
D:2:      layout_loops_ring
D:3:      layout_loops_cross, grunt_temple_overflow_holy_war, first_ration,
          minmay_misc_feat_pillars, minivault_25
D:4:      layout_cave_pools, kennysheep_little_box, serial_column_ruins,
          column_ruins_hut_pillars, column_ruins_grid_1, column_ruins_grid_3,
          column_ruins_grid_2
D:5:      layout_cave_pods, temple_pool_b, uniq_duvessa, uniq_menkaure
